 Dungeon Crawl Stone Soup version 0.29-a0-323-g050149af67 (webtiles) character file.

Game seed: 11827773379396499395

20942 pokeman the Eclecticist (level 12, -3/67 HPs)
             Began as a Deep Elf Hedge Wizard on Apr 9, 2022.
             Was a Priest of Vehumet.
             Shot with an arrow by a centaur (12 damage)
             ... led by a centaur warrior
             ... on level 13 of the Dungeon on Apr 10, 2022.
             The game lasted 01:00:37 (19863 turns).

pokeman the Eclecticist (Deep Elf Hedge Wizard)    Turns: 19863, Time: 01:00:37

Health: -3/67      AC: 11    Str:  7    XL:     12   Next: 49%
Magic:  11/35      EV: 11    Int: 25    God:    Vehumet [***...]
Gold:   732        SH:  5    Dex: 14    Spells: 26/46 levels left

rFire   + . .      SeeInvis .   E - staff of conjuration
rCold   . . .      Faith    .   c - +0 buckler
rNeg    . . .      Spirit   .   U - +0 acid dragon scales
rPois   +          Reflect  .   p - +0 helmet
rElec   .          Harm     .   s - +0 cloak
rCorr   +          Rampage  .   a - +0 pair of gloves
Will    +....                   v - +0 pair of boots
Stlth   ++........              W - amulet of regeneration
HPRegen 1.01/turn               Q - ring of poison resistance
MPRegen 0.24/turn               R - ring of protection from fire

@: no status effects
A: no striking features
a: Renounce Religion


You were on level 13 of the Dungeon.
You worshipped Vehumet.
Vehumet was most pleased with you.
You visited 2 branches of the dungeon, and saw 14 of its levels.
You also visited: Ossuary.

You collected 926 gold pieces.
You spent 194 gold pieces at shops.

Inventory:

Hand Weapons
 w - a +0 hunting sling of freezing
 B - the +6 flail of Disharmony {vamp, rF+ Will- Dex+2}
   (You found it on level 4 of the Dungeon)

   It occasionally heals its wielder for a portion of the damage dealt when it
   wounds a living foe.
   Dex:       It affects your dexterity (+2).
   rF:        It protects you from fire.
   Will:      It decreases your willpower.
Armour
 a - a +0 pair of gloves (worn)
 c - a +0 buckler (worn)
 l - a +2 pair of boots
 p - a +0 helmet (worn)
 s - a +0 cloak (worn)
 v - a +0 pair of boots (worn)
 I - a +2 robe of resistance
 U - +0 acid dragon scales (worn)
Magical Staves
 g - a staff of fire
 E - a staff of conjuration (weapon)
Jewellery
 h - a ring of protection from cold
 z - a ring of see invisible
 Q - a ring of poison resistance (left hand)
 R - a ring of protection from fire (right hand)
 W - an amulet of regeneration (around neck)
Wands
 j - a wand of acid (8)
 n - a wand of iceblast (10)
Scrolls
 b - 2 scrolls of identify
 f - 3 scrolls of magic mapping
 i - 3 scrolls of fog {unknown}
 k - 4 scrolls of enchant armour {unknown}
 y - 8 scrolls of teleportation {unknown}
 A - 3 scrolls of blinking
 D - a scroll of holy word {unknown}
 F - a scroll of summoning {unknown}
 G - 2 scrolls of vulnerability {unknown}
 J - a scroll of acquirement {unknown}
 L - 2 scrolls of fear {unknown}
 O - 4 scrolls of immolation {unknown}
 Y - 2 scrolls of amnesia {unknown}
 Z - a scroll of torment {unknown}
Potions
 d - 2 potions of magic
 e - a potion of heal wounds
 C - a potion of haste
 K - 2 potions of invisibility {unknown}
 N - 4 potions of curing {unknown}


   Skills:
 + Level 4.5 Fighting
 - Level 4.0 Armour
 - Level 4.0 Dodging
 - Level 3.0 Stealth
 - Level 4.0 Shields
 * Level 17.5 Spellcasting
 + Level 10.4 Conjurations
 - Level 1.1 Summonings
 - Level 1.1 Translocations
 + Level 9.7 Fire Magic
 - Level 1.3 Air Magic
 - Level 1.0 Earth Magic
 - Level 1.1 Poison Magic
 - Level 1.0 Evocations


You had 26 spell levels left.
You knew the following spells:

 Your Spells              Type           Power      Damage    Failure   Level
a - Magic Dart            Conj           100%       1d8       1%          1
b - Mephitic Cloud        Conj/Pois/Air  60%        N/A       1%          3
c - Call Imp              Summ           27%        N/A       5%          2
d - Blink                 Tloc           54%        N/A       5%          2
e - Conjure Flame         Conj/Fire      83%        6-21      1%          3
f - Stone Arrow           Conj/Erth      100%       3d13      1%          3
g - Iron Shot             Conj/Erth      33%        9d7       21%         6

Your spell library contained the following spells:

 Spells                   Type           Power      Damage    Failure   Level
 Olgreb's Toxic Radiance  Pois           27%        N/A       10%         4
 Sandblast                Erth           52%        2d12      1%          1
 Hailstorm                Conj/Ice       64%        3d14      1%          4
 Slow                     Hex            84%        N/A       5%          1
 Passwall                 Tmut/Erth      20%        N/A       7%          2
 Ensorcelled Hibernation  Hex/Ice        42%        N/A       9%          2
 Swiftness                Air            28%        N/A       10%         3
 Ice Form                 Ice/Tmut       21%        N/A       47%         4
 Borgnjor's Vile Clutch   Necr/Erth      12%        N/A       77%         5
 Lehudib's Crystal Spear  Conj/Erth      33%        10d8      99%         8
 Simulacrum               Ice/Necr       10%        N/A       100%        6


Dungeon Overview and Level Annotations

Branches:
Dungeon (13/15)            Temple (1/1) D:5            Lair (0/6) D:9
    Orc (0/2) D:11        Ossuary (visited)
 Vaults: D:13-14

Altars:
Ashenzari
Cheibriados
Dithmenos
Fedhas
Gozag
Hepliaklqana
Kikubaaqudgha
Makhleb
Nemelex Xobeh
Qazlal
Ru
Trog
Uskayaw
Vehumet
Wu Jian
Xom
Yredelemnul
Zin
The Shining One

Shops:
D:7 ?   D:10 *   D:11 =


Message History

The stinking cloud engulfs the manticore but does no damage.
The manticore is moderately wounded.
The stinking cloud engulfs your iron imp but does no damage.
The stinking cloud engulfs you but does no damage.
You hear a shout!
The manticore is engulfed in noxious fumes.
The manticore bites you but does no damage.
You block the manticore's attack. The manticore barely misses you.
Your iron imp barely misses the manticore.
Casting: Mephitic Cloud (safe; 1% risk of failure)
Confirm with . or Enter, or press ? or * to list all spells.
Aiming: Stone Arrow (safe; 1% risk of failure)
Press: ? - help, Shift-Dir - straight line, f/p - manticore
Aim: a manticore (noxious fumes, moderately wounded, ally target, 87% to hit)
You feel a surge of power!
The stone arrow hits the manticore!
The manticore is severely wounded.
The manticore is engulfed in noxious fumes.
The manticore appears confused.
The manticore bites you!!
* * * LOW HITPOINT WARNING * * *
The manticore claws you but does no damage.
The manticore closely misses you.
Your iron imp hits the manticore.
Casting: Stone Arrow (safe; 1% risk of failure)
Confirm with . or Enter, or press ? or * to list all spells.
Aiming: Stone Arrow (safe; 1% risk of failure)
Press: ? - help, Shift-Dir - straight line, f/p - manticore
Aim: a manticore (noxious fumes, severely wounded, confused, ally target, 98% to hit)
You feel a surge of power!
The stone arrow hits the manticore!!
You kill the manticore!
Vehumet accepts your kill.
You feel your power returning.
A centaur comes into view.
The centaur wields a +0 shortbow.
The centaur shoots an arrow.
The arrow hits your iron imp.
A centaur comes into view.
The centaur shoots an arrow.
The arrow barely misses you.
The centaur shoots an arrow.
The arrow hits you!
* * * LOW HITPOINT WARNING * * *
The centaur wields a +0 shortbow.
The centaur shoots an arrow.
The arrow hits you!
You die...

###...........+...#
#...........#...###
#.......#####.....#
#.......#..<......#
#.................#
#.......#.#.#.....##
......>.............#
........(.#.#.#......#
................@....#
.........#.#.#......#
..............5○○..#
................†○.#
.#........☼.#
#..........#
..c.........#####+#
..c#######......... ..
#.........


You could see 2 centaurs and a friendly iron imp (summoned).

Vanquished Creatures
  A hydra (D:13)
  2 centaur warriors (D:13)
  2 tengu warriors (D:13)
  2 two-headed ogres (D:8)
  The ghost of Cecur the Carver, a novice DsGl of Qazlal (D:8)
  2 manticores (D:13)
  3 cyclopes
  Joseph (D:7)
  Maggie (D:8)
  A gargoyle (D:13)
  A kobold demonologist (D:12)
  A tengu conjurer (D:12)
  5 trolls
  A polar bear (shapeshifter) (D:13)
  A hornet (D:10)
  Sigmund (D:2)
  A shadow (D:10)
  A wraith (D:12)
  A ynoxinul (D:8)
  2 wyverns
  20 yaks
  2 basilisks
  3 steam dragons
  2 vampire mosquitoes (D:12)
  Menkaure (D:7)
  2 acid dragons
  Pargi (D:3)
  2 water moccasins
  Duvessa (D:7)
  2 ice beasts
  11 orc warriors
  A sky beast (D:6)
  4 black bears
  3 ogres
  8 centaurs
  A phantom (D:5)
  Blork the orc (D:5)
  A kobold brigand (D:7)
  4 bullfrogs
  2 gnoll sergeants
  5 scorpions
  Dowan (D:7)
  17 wights
  6 killer bees (D:8)
  An electric eel (D:10)
  5 howler monkeys
  10 hounds
  Crazy Yiuf (D:2)
  A centaur zombie (Ossuary)
  5 orc priests
  5 jellies
  3 iguanas
  10 orc wizards
  Natasha (thrice) (D:3)
  5 mummies
  Robin (D:3)
  10 gnolls
  4 adders
  3 ufetubi
  A worm (D:5)
  3 dart slugs
  49 orcs
  2 bats
  6 endoplasms
  2 giant cockroaches
  8 hobgoblins
  2 quokkas
  2 ball pythons
  2 frilled lizards (D:3)
  10 goblins
  2 hobgoblin zombies (Ossuary)
  15 kobolds
  2 kobold zombies (D:6)
  4 rats
309 creatures vanquished.

Vanquished Creatures (collateral kills)
  A wight (D:8)
  A gnoll (D:8)
2 creatures vanquished.

Vanquished Creatures (others)
  2 electric eels (D:10)
  30 plants
32 creatures vanquished.

Grand Total: 343 creatures vanquished

Notes
Turn   | Place    | Note
-------+----------+-------------------------------------------
     0 | D:1      | pokeman the Deep Elf Hedge Wizard began the quest for the
                  | Orb.
     0 | D:1      | Reached XP level 1. HP: 10/10 MP: 7/7
   429 | D:1      | Reached XP level 2. HP: 16/16 MP: 5/9
   934 | D:2      | Found a shimmering altar of Xom.
   936 | D:2      | Noticed Sigmund
  1150 | D:2      | Reached skill level 5 in Spellcasting
  1597 | D:2      | Found a runed translucent door.
  1598 | D:2      | Noticed Crazy Yiuf
  1660 | D:3      | Reached XP level 3. HP: 10/20 MP: 5/11
  1668 | D:3      | Learned a level 3 spell: Mephitic Cloud
  1671 | D:3      | Learned a level 2 spell: Call Imp
  1674 | D:3      | Learned a level 2 spell: Blink
  1678 | D:3      | Learned a level 3 spell: Conjure Flame
  2100 | D:3      | Noticed Robin
  2148 | D:3      | Killed Robin
  2149 | D:3      | Reached skill level 1 in Fighting
  2149 | D:3      | Reached skill level 1 in Armour
  2371 | D:3      | Reached XP level 4. HP: 25/25 MP: 5/13
  2542 | D:2      | You fall into a shaft and drop 1 floor!
  3435 | D:2      | Killed Crazy Yiuf
  3436 | D:2      | Reached skill level 6 in Spellcasting
  3436 | D:2      | Reached skill level 1 in Fire Magic
  3700 | D:2      | Killed Sigmund
  3701 | D:2      | Reached skill level 1 in Air Magic
  3701 | D:2      | Reached XP level 5. HP: 29/29 MP: 6/16
  3701 | D:2      | Reached XP level 6. HP: 34/34 MP: 6/17
  4316 | D:3      | Noticed Pargi
  4330 | D:3      | Killed Pargi
  4331 | D:3      | Reached skill level 7 in Spellcasting
  4331 | D:3      | Reached skill level 1 in Earth Magic
  4406 | D:3      | Noticed Natasha
  4414 | D:3      | Killed Natasha
  4615 | D:3      | Noticed Natasha
  4619 | D:3      | Killed Natasha
  4636 | D:3      | Noticed Natasha
  4653 | D:3      | Killed Natasha
  4846 | D:4      | Reached skill level 1 in Poison Magic
  4846 | D:4      | Reached XP level 7. HP: 32/38 MP: 14/20
  5162 | D:4      | Reached skill level 8 in Spellcasting
  5162 | D:4      | Reached skill level 1 in Evocations
  5338 | D:4      | Identified the +6 flail of Disharmony {vamp, rF+ Will-
                  | Dex+2}
  6132 | D:5      | Entered Level 5 of the Dungeon
  6213 | D:5      | Reached XP level 8. HP: 44/44 MP: 2/22
  6217 | D:5      | Reached skill level 9 in Spellcasting
  6685 | D:5      | Noticed Blork the orc
  6998 | D:5      | Reached skill level 5 in Conjurations
  7117 | D:5      | Found a staircase to the Ecumenical Temple.
  7128 | Temple   | Entered the Ecumenical Temple
  7149 | Temple   | Became a worshipper of Vehumet
  7367 | D:5      | Killed Blork the orc
  7535 | D:6      | Found a sand-covered staircase.
  7547 | D:6      | Reached skill level 10 in Spellcasting
  7626 | Ossuary  | Entered an ossuary
  7652 | Ossuary  | HP: 2/44 [centaur zombie (2)]
  8265 | D:6      | Reached XP level 9. HP: 47/48 MP: 20/25
  8395 | D:6      | Reached skill level 11 in Spellcasting
  9180 | D:6      | Reached skill level 5 in Fire Magic
  9535 | D:7      | Reached * piety under Vehumet
  9535 | D:7      | Offered knowledge of Shock by Vehumet.
  9605 | D:7      | Found Wabivus's Magic Scroll Shop.
  9614 | D:7      | Bought a scroll of blinking for 112 gold pieces
  9614 | D:7      | Bought a scroll of identify for 30 gold pieces
  9614 | D:7      | Bought a scroll of magic mapping for 52 gold pieces
  9651 | D:7      | Noticed Menkaure
  9662 | D:7      | Killed Menkaure
  9728 | D:7      | Reached skill level 12 in Spellcasting
  9874 | D:7      | Noticed Joseph
  9900 | D:7      | Killed Joseph
 10114 | D:7      | Noticed Duvessa
 10125 | D:7      | Noticed Dowan
 10143 | D:7      | Killed Dowan
 10143 | D:7      | Killed Duvessa
 10322 | D:7      | Reached XP level 10. HP: 33/56 MP: 26/28
 10565 | D:7      | Found a basalt altar of Yredelemnul.
 10785 | D:8      | Reached skill level 1 in Shields
 10843 | D:8      | Found a runed translucent door.
 10843 | D:8      | Noticed Cecur's ghost (novice DsGl)
 10851 | D:8      | Noticed Maggie
 10868 | D:8      | Killed Maggie
 10989 | D:8      | Reached skill level 13 in Spellcasting
 11462 | D:8      | Offered knowledge of Scorch by Vehumet.
 11527 | D:8      | Reached ** piety under Vehumet
 11826 | D:8      | Noticed a two-headed ogre
 11853 | D:8      | Killed a two-headed ogre
 12157 | D:8      | Noticed a two-headed ogre
 12175 | D:8      | Killed a two-headed ogre
 12176 | D:8      | Reached skill level 14 in Spellcasting
 13712 | D:8      | Reached XP level 11. HP: 20/60 MP: 22/31
 13794 | D:8      | Upgraded the game from 0.29-a0-322-g68df515428 to
                  | 0.29-a0-323-g050149af67
 14073 | D:9      | Offered knowledge of Static Discharge by Vehumet.
 14763 | D:9      | Found a staircase to the Lair.
 14784 | D:9      | Reached skill level 15 in Spellcasting
 14850 | D:9      | Reached *** piety under Vehumet
 15181 | D:10     | Entered Level 10 of the Dungeon
 15789 | D:10     | Learned a level 3 spell: Stone Arrow
 15913 | D:10     | Found Uschod's Assorted Antiques.
 16488 | D:8      | Killed Cecur's ghost
 16593 | D:8      | Got Lehudib's Handbook of Clay
 16885 | D:11     | Found a staircase to the Orcish Mines.
 17130 | D:11     | Reached skill level 16 in Spellcasting
 17436 | D:11     | Offered knowledge of Olgreb's Toxic Radiance by Vehumet.
 17606 | D:11     | Found Uboaps's Jewellery Boutique.
 18612 | D:12     | Reached XP level 12. HP: 48/66 MP: 22/34
 18820 | D:12     | Learned a level 6 spell: Iron Shot
 19330 | D:13     | Noticed a centaur warrior
 19337 | D:13     | Killed a centaur warrior
 19420 | D:13     | Reached skill level 10 in Conjurations
 19471 | D:13     | Noticed a tengu warrior
 19471 | D:13     | Noticed a tengu warrior
 19488 | D:13     | Killed a tengu warrior
 19489 | D:13     | Reached skill level 17 in Spellcasting
 19492 | D:13     | Killed a tengu warrior
 19507 | D:13     | Noticed a centaur warrior
 19677 | D:13     | Killed a centaur warrior
 19841 | D:13     | Noticed a four-headed hydra
 19856 | D:13     | Killed a four-headed hydra
 19863 | D:13     | Shot with an arrow by a centaur

Illustrated notes

Levels and vault maps discovered:
D:1:      minmay_arrival_doors, layout_rooms, serial_forest,
          infiniplex_forest_lined_3_way, infiniplex_forest_corner_1,
          infiniplex_forest_join, infiniplex_forest_end_2,
          infiniplex_forest_straight_2, infiniplex_forest_lined_2,
          infiniplex_forest_diagonal
D:2:      layout_basic, basic_altar, item_on_display_a, uniq_sigmund,
          uniq_crazy_yiuf_cottage
D:3:      layout_basic, uniq_natasha, uniq_robin, uniq_pargi
D:4:      layout_loops_cross, serial_bayou_lake_a
D:5:      layout_rooms, minmay_temple_entry_antechambers, uniq_blork_the_orc
D:6:      layout_loops_ring, nicolae_ossuary_entry_giza
D:7:      layout_loops_ring, mainiacjoe_overflow_alcove_4, serial_shops, shop,
          uniq_menkaure, uniq_duvessa, uniq_joseph
D:8:      layout_basic, special_room [special_room_orc],
          hellmonk_ghost_big_iron, dk_noncrumbling_4, uniq_maggie
D:9:      layout_cross, david_lair_generic, minmay_misc_feat_ornament
D:10:     layout_basic, serial_shops, nicolae_shop_trees, serial_bayou,
          serial_bayou_ford_a, serial_bayou_pond_c, serial_bayou_pond_e,
          serial_bayou_pond_d, serial_bayou_pond_c
D:11:     layout_basic, orc_0_dummy, serial_shops, shop_coins
D:12:     layout_loops_cross
D:13:     layout_irregular_city, serial_glass, glass_columns_a, glass_columns_a,
          glass_columns_b, glass_columns_b, glass_columns_c, glass_columns_a,
          glass_columns_b, glass_columns_c, minmay_strange_pillars,
          minmay_strange_pillars
Temple:   grunt_wide_crystal_templ

Skill      XL: |  1  2  3  4  5  6  7  8  9 10 11 12 |
---------------+-------------------------------------+-----
Spellcasting   | 5 6 7 8 10 12 14 16 17 | 17.5
Fighting       | 1 2 3 4 |  4.5
Armour         | 1 2 3 4 |  4.0
Conjurations   | 2 3 4 5 7 8 9 10 | 10.4
Fire Magic     | 1 2 4 6 7 9 |  9.7
Dodging        | 3 4 |  4.0
Air Magic      | 1 |  1.3
Earth Magic    | 1 |  1.0
Poison Magic   | 1 |  1.1
Stealth        | 3 |  3.0
Evocations     | 1 |  1.0
Shields        | 3 4 |  4.0
Summonings     | |  1.1
Translocations | |  1.1

Action                   |  1- 3 |  4- 6 |  7- 9 | 10-12 || total
-------------------------+-------+-------+-------+-------++-------
Melee: Dagger            |     5 |       |       |       ||     5
       Staff             |    35 |    17 |       |    28 ||    80
       Punch             |     3 |     2 |     2 |     2 ||     9
       Flail             |       |       |    79 |    47 ||   126
       Hunting sling     |       |       |       |     1 ||     1
 Fire: Hunting sling     |       |       |       |   271 ||   271
 Cast: Magic Dart        |    84 |    46 |   295 |   239 ||   664
       Mephitic Cloud    |     2 |     9 |    25 |    62 ||    98
       Conjure Flame     |     1 |     6 |    22 |    72 ||   101
       Call Imp          |     1 |     2 |     1 |     7 ||    11
       Blink             |       |       |     3 |    10 ||    13
       Stone Arrow       |       |       |       |   101 ||   101
  Use: Scroll            |       |       |     5 |     5 ||    10
 Stab: Confused          |       |     1 |     6 |    10 ||    17
       Sleeping          |       |       |     3 |       ||     3
Armor: Robe              |     2 |       |       |       ||     2
       Leather armour    |       |     5 |    60 |    71 ||   136
       Acid dragon scale |       |       |       |    15 ||    15
Dodge: Dodged            |    22 |    12 |   122 |   164 ||   320
Block: Buckler           |       |       |       |     2 ||     2

Table legend: (Time is in decaauts)
 A = Elapsed time spent in this place.
 B = Non-inter-level travel time spent in this place.
 C = Inter-level travel time spent in this place.
 D = Time resting spent in this place.
 E = Time spent auto-exploring this place.
 F = Levels seen in this place.
 G = Mean time per level.
                   A        B        C        D        E       F      G
               +--------+--------+--------+--------+--------+-----+--------+
         Total |  20192 |  19007 |   1185 |   2990 |  12393 |  15 | 1346.1 |
       Dungeon |  19696 |  18523 |   1173 |   2690 |  12323 |  13 | 1515.1 |
        Temple |     70 |     59 |     11 |      0 |     11 |   1 |   70.0 |
       Ossuary |    425 |    425 |      0 |    300 |     59 |   1 |  425.0 |
               +--------+--------+--------+--------+--------+-----+--------+

Top non-repeatable levels by time:
     D:8: 4170 daAuts
     D:3: 2111 daAuts
     D:4: 1557 daAuts
     D:2: 1550 daAuts
     D:6: 1510 daAuts
     D:7: 1463 daAuts
     D:1: 1388 daAuts
    D:10: 1374 daAuts
    D:11: 1245 daAuts
    D:12: 1237 daAuts
     D:5: 934 daAuts
     D:9: 739 daAuts
 Ossuary: 425 daAuts
    D:13: 414 daAuts
  Temple: 70 daAuts
